[Event "Live Chess"]
[Site "Chess.com"]
[Date "2021.02.28"]
[Round "-"]
[White "McDonald, Ian"]
[Black "Kynoch, Richard J P"]
[Result "1-0"]
[BlackElo "1891"]
[CurrentPosition "2kr1b2/3n1P2/2Q3N1/pp1p2p1/3q4/P1N1nPBK/1PP5/R6R b - -"]
[ECO "D00"]
[ECOUrl "https://www.chess.com/openings/Queens-Pawn-Opening-Chigorin-Variation-2...Nf6"]
[EndDate "2021.02.28"]
[EndTime "14:48:01"]
[Link "https://www.chess.com/live/game/8259906545"]
[StartTime "14:04:35"]
[Termination "puracat won by checkmate"]
[TimeControl "1500+10"]
[Timezone "UTC"]
[UTCDate "2021.02.28"]
[UTCTime "14:04:35"]
[WhiteElo "2031"]

1. d4 Nf6 2. Nc3 d5 3. Bf4 c6 4. e3 Bf5 5. f3 h6 6. g4 Bh7 7. h4 Nbd7 8. Bd3 Bxd3 9. Qxd3 e6 10. Nge2 Be7 11. Bg3 Qa5 12. a3 b5 13. Kf2 Qb6 14. Kg2 a5 15. Nf4 O-O-O 16. g5 Ne8 17. g6 e5 18. dxe5 Nxe5 19. Qf5+ Nd7 20. gxf7 Nd6 21. Qe6 Bf8 22. Ng6 Nc4 23. Nxh8 Nxe3+ 24. Kh3 g5 25. hxg5 hxg5 26. Ng6 Qd4 27. Qxc6# 1-0

[Event "Live Chess"]
[Site "Chess.com"]
[Date "2021.02.28"]
[Round "-"]
[White "Adan Bermudez, Sergio"]
[Black "Greet, Andrew N"]
[Result "0-1"]
[BlackElo "2301"]
[CurrentPosition "7r/6k1/8/1pPP3Q/6PK/6P1/P7/5q2 w - -"]
[ECO "A09"]
[ECOUrl "https://www.chess.com/openings/Reti-Opening-Reti-Gambit-Declined-Advance-Variation-3.b4"]
[EndDate "2021.02.28"]
[EndTime "15:04:09"]
[Link "https://www.chess.com/live/game/8259813393"]
[StartTime "13:58:29"]
[Termination "Grimlock_Glasgow won by resignation"]
[TimeControl "1500+10"]
[Timezone "UTC"]
[UTCDate "2021.02.28"]
[UTCTime "13:58:29"]
[WhiteElo "1791"]

1. Nf3 d5 2. c4 d4 3. b4 g5 4. Bb2 Bg7 5. e3 e5 6. exd4 exd4 7. d3 g4 8. Nfd2 Nh6 9. Be2 O-O 10. O-O Nc6 11. b5 Ne5 12. Nb3 Qh4 13. Nxd4 Rd8 14. Nd2 Rxd4 15. Bxd4 g3 16. hxg3 Qxd4 17. Nb3 Qd6 18. d4 Neg4 19. Qd2 Qg6 20. f3 Nf6 21. g4 Ne8 22. c5 f6 23. Bc4+ Kh8 24. Rae1 Bf8 25. Qf4 Bd7 26. Re2 a6 27. bxa6 bxa6 28. Na5 Bb5 29. Rfe1 Ng8 30. Bxb5 axb5 31. Nc6 Bh6 32. Qh2 Ng7 33. Qxc7 Bg5 34. Ne7 Qh6 35. Nxg8 Rxg8 36. Re4 Qh4 37. d5 Bd2 38. R1e2 Bc3 39. Qh2 Qg5 40. Qd6 Be5 41. Rxe5 fxe5 42. Rxe5 Qc1+ 43. Kh2 Qf4+ 44. Kh3 h5 45. Qg6 hxg4+ 46. fxg4 Ra8 47. Rh5+ Nxh5 48. Qxh5+ Kg7 49. g3 Qf1+ 50. Kh4 Rh8 0-1

[Event "Live Chess"]
[Site "Chess.com"]
[Date "2021.02.28"]
[Round "-"]
[White "Polaczek, Richard"]
[Black "Berry, Neil M"]
[Result "1/2-1/2"]
[BlackElo "2141"]
[CurrentPosition "2rr2k1/pq3ppp/4pn2/2b5/PpN5/4P3/1P2QPPP/2RRB1K1 b - -"]
[ECO "D11"]
[ECOUrl "https://www.chess.com/openings/Slav-Defense-Modern-Line-3...Nf6"]
[EndDate "2021.02.28"]
[EndTime "14:32:09"]
[Link "https://www.chess.com/live/game/8259838983"]
[StartTime "14:00:24"]
[Termination "Game drawn by agreement"]
[TimeControl "1500+10"]
[Timezone "UTC"]
[UTCDate "2021.02.28"]
[UTCTime "14:00:24"]
[WhiteElo "2264"]

1. d4 d5 2. Nf3 Nf6 3. c4 c6 4. Nc3 e6 5. e3 Nbd7 6. Bd3 dxc4 7. Bxc4 b5 8. Bd3 Bd6 9. O-O O-O 10. a4 b4 11. Ne4 Nxe4 12. Bxe4 Bb7 13. Nd2 Rc8 14. Nc4 Be7 15. Bd2 Qc7 16. Rc1 c5 17. Bxb7 Qxb7 18. Qe2 Rfd8 19. Rfd1 Nf6 20. dxc5 Bxc5 21. Be1 1/2-1/2

[Event "Live Chess"]
[Site "Chess.com"]
[Date "2021.02.28"]
[Round "-"]
[White "Gordon, Frederick"]
[Black "Findlay, David J"]
[Result "1/2-1/2"]
[BlackElo "2217"]
[CurrentPosition "8/8/8/1k6/6K1/8/8/8 w - -"]
[ECO "C41"]
[ECOUrl "https://www.chess.com/openings/Philidor-Defense-Exchange-Larsen-Variation"]
[EndDate "2021.02.28"]
[EndTime "15:08:15"]
[Link "https://www.chess.com/live/game/8260464439"]
[StartTime "14:12:00"]
[Termination "Game drawn by insufficient material"]
[TimeControl "1500+10"]
[Timezone "UTC"]
[UTCDate "2021.02.28"]
[UTCTime "14:12:00"]
[WhiteElo "1875"]

1. e4 e5 2. Nf3 d6 3. d4 exd4 4. Nxd4 g6 5. Bc4 Bg7 6. O-O Nf6 7. Nc3 O-O 8. Bg5 Qe8 9. Qf3 Qe5 10. Bxf6 Qxf6 11. Qxf6 Bxf6 12. Ndb5 Bd8 13. Rad1 Bd7 14. f4 a6 15. Nd4 Nc6 16. Nxc6 Bxc6 17. Bd5 Bf6 18. Bxc6 bxc6 19. e5 dxe5 20. Ne4 Bg7 21. fxe5 Bxe5 22. Nf6+ Kg7 23. Nd7 Rfe8 24. Nxe5 Rxe5 25. Rd7 Rf8 26. Rxc7 Rc5 27. c3 a5 28. Rf4 g5 29. Rf3 Kg6 30. g4 h6 31. Rd3 f5 32. Rd6+ Rf6 33. gxf5+ Kxf5 34. Rxf6+ Kxf6 35. Kf2 Kf5 36. Rh7 Kg6 37. Rd7 Kf5 38. Rh7 Kg6 39. Rd7 Kf5 40. Rd4 h5 41. c4 a4 42. h3 Ke5 43. Ke3 Kf5 44. Kf3 Ke5 45. Re4+ Kf5 46. Rd4 Ke5 47. Ke3 Kf5 48. b4 axb3 49. axb3 Ra5 50. b4 Ra3+ 51. Rd3 Rxd3+ 52. Kxd3 Ke5 53. Ke3 g4 54. hxg4 hxg4 55. b5 cxb5 56. cxb5 Kd5 57. Kf4 Kc5 58. Kxg4 Kxb5 1/2-1/2

[Event "Live Chess"]
[Site "Chess.com"]
[Date "2021.02.28"]
[Round "-"]
[White "Shafi, Declan"]
[Black "Antunes, Andre"]
[Result "0-1"]
[BlackElo "2128"]
[CurrentPosition "6k1/6p1/4p1r1/p7/P2P1p2/5P1q/R3Q1rb/4BK2 w - -"]
[ECO "A46"]
[ECOUrl "https://www.chess.com/openings/Indian-Game-Knights-Variation-2...e6"]
[EndDate "2021.02.28"]
[EndTime "14:52:50"]
[Link "https://www.chess.com/live/game/8259838871"]
[StartTime "14:00:24"]
[Termination "serigado won by resignation"]
[TimeControl "1500+10"]
[Timezone "UTC"]
[UTCDate "2021.02.28"]
[UTCTime "14:00:24"]
[WhiteElo "2061"]

1. d4 Nf6 2. Nf3 e6 3. g3 b6 4. Bg2 Bb7 5. O-O Be7 6. c4 O-O 7. Nc3 Ne4 8. Qc2 Nxc3 9. bxc3 f5 10. a4 Be4 11. Qa2 d5 12. cxd5 Qxd5 13. c4 Qb7 14. Bb2 Na6 15. Qb3 Nb4 16. Bc3 a5 17. Ne1 Bxg2 18. Nxg2 Rad8 19. Nf4 Qe4 20. c5 Nd5 21. Nxd5 Rxd5 22. cxb6 cxb6 23. Qxb6 f4 24. Qb1 Qxe2 25. Qe1 Qg4 26. f3 Qh3 27. g4 Rf6 28. Qe2 h5 29. gxh5 Rxh5 30. Kh1 Rfh6 31. Rf2 Bh4 32. Rg2 Bg3 33. Kg1 Bxh2+ 34. Kf1 Rg6 35. Ra2 Rhg5 36. Be1 Rxg2 0-1

[Event "Live Chess"]
[Site "Chess.com"]
[Date "2021.02.28"]
[Round "-"]
[White "Ridge, Michael"]
[Black "Hogg, Stephen W"]
[Result "1/2-1/2"]
[BlackElo "2090"]
[CurrentPosition "5k2/R3N3/3K2p1/3P2Pp/4b2P/8/3r4/8 w - -"]
[ECO "C00"]
[ECOUrl "https://www.chess.com/openings/French-Defense-Steiner-Variation"]
[EndDate "2021.02.28"]
[EndTime "15:34:39"]
[Link "https://www.chess.com/live/game/8261595521"]
[StartTime "14:27:30"]
[Termination "Game drawn by repetition"]
[TimeControl "1500+10"]
[Timezone "UTC"]
[UTCDate "2021.02.28"]
[UTCTime "14:27:30"]
[WhiteElo "1630"]

1. c4 e6 2. e4 d5 3. exd5 exd5 4. cxd5 Qxd5 5. Nc3 Qd8 6. Bc4 Nf6 7. d4 Be7 8. Nf3 O-O 9. O-O Nbd7 10. Bb3 c6 11. Re1 Nb6 12. h3 Nbd5 13. Bc2 Qd6 14. Bg5 Be6 15. a3 Rad8 16. Qd3 Nf4 17. Qe3 N6d5 18. Nxd5 Nxd5 19. Qe4 g6 20. Bxe7 Nxe7 21. Qh4 Nf5 22. Bxf5 Bxf5 23. g4 Qf4 24. Qg3 Qxg3+ 25. fxg3 Be6 26. Rad1 Bd5 27. Kf2 Rfe8 28. Rxe8+ Rxe8 29. g5 Kg7 30. Ne5 f6 31. gxf6+ Kxf6 32. g4 Kg5 33. Kg3 Kf6 34. h4 h6 35. b4 h5 36. Rf1+ Kg7 37. g5 Re7 38. Rf6 Be4 39. Kf4 Bb1 40. Rd6 Bf5 41. Rf6 Bb1 42. a4 Bf5 43. a5 Rc7 44. Rd6 Bb1 45. a6 bxa6 46. Rxc6 Rb7 47. Rxa6 Rxb4 48. Rxa7+ Kg8 49. Nc6 Rb2 50. Ke5 Re2+ 51. Kd6 Be4 52. Ne7+ Kf8 53. d5 Rd2 54. Ra8+ Kf7 55. Ra7 Kf8 56. Ra8+ Kf7 57. Ra7 Kf8 1/2-1/2

[Event "Live Chess"]
[Site "Chess.com"]
[Date "2021.02.28"]
[Round "-"]
[White "Thomson, Neil"]
[Black "Sanger, Jake M"]
[Result "1-0"]
[BlackElo "1672"]
[CurrentPosition "8/6RP/6P1/p4k1r/Kp6/1P6/1P6/8 b - -"]
[ECO "B56"]
[ECOUrl "https://www.chess.com/openings/Sicilian-Defense-Open-Classical-Variation"]
[EndDate "2021.02.28"]
[EndTime "12:14:53"]
[Link "https://www.chess.com/live/game/8249043805"]
[StartTime "11:01:15"]
[Termination "tuoksu won by resignation"]
[TimeControl "1500+10"]
[Timezone "UTC"]
[UTCDate "2021.02.28"]
[UTCTime "11:01:15"]
[WhiteElo "1664"]

1. e4 c5 2. Nf3 Nc6 3. d4 cxd4 4. Nxd4 Nf6 5. Nc3 d6 6. Bc4 e6 7. Be3 a6 8. Bb3 Be7 9. f4 Bd7 10. Qe2 Rc8 11. O-O b5 12. Nxc6 Bxc6 13. e5 dxe5 14. fxe5 Nd7 15. Qg4 Nc5 16. Qxg7 Rf8 17. Rad1 Qc7 18. Bh6 b4 19. Ne2 Nxb3 20. cxb3 Bb5 21. Rd2 Rd8 22. Rfd1 Qc5+ 23. Nd4 Be2 24. Be3 Bxd1 25. Rxd1 f6 26. Qxh7 fxe5 27. Qh5+ Rf7 28. Rf1 exd4 29. Qxf7+ Kd7 30. Bf2 Rf8 31. Qg6 Bd6 32. Qg7+ Kc6 33. Qxd4 Qb5 34. Rc1+ Kd7 35. Bg3 Qd5 36. Qa7+ Kd8 37. Bxd6 Qxd6 38. h3 Qf4 39. Qb6+ Ke7 40. Rc7+ Kf6 41. Qf2 Qxf2+ 42. Kxf2 Ke5+ 43. Ke3 Rg8 44. Rc5+ Kd6 45. Rc2 Kd5 46. Rd2+ Ke5 47. Kf3 Rf8+ 48. Kg3 Rf1 49. Re2+ Kd6 50. h4 Ra1 51. h5 Ke7 52. Rf2 e5 53. Kg4 e4 54. Rf4 Re1 55. Kf5 e3 56. Re4+ Kf7 57. Kf4 e2 58. Kf3 Ra1 59. Rxe2 Rxa2 60. g4 Ra1 61. Rf2 Kg7 62. Ke4 Rc1 63. Kd4 Kh6 64. Rf6+ Kg5 65. Rg6+ Kf4 66. h6 a5 67. h7 Rh1 68. Rg7 Rd1+ 69. Kc4 Rh1 70. g5 Kf5 71. g6 Rh4+ 72. Kb5 Rh5 73. Ka4 1-0

[Event "Live Chess"]
[Site "Chess.com"]
[Date "2021.02.28"]
[Round "-"]
[White "Smith, Peter R"]
[Black "Murdochy, Shivan"]
[Result "1-0"]
[BlackElo "1210"]
[CurrentPosition "4q3/2Q1bk2/pP1B2pp/P2Ppp2/8/7P/5PP1/6K1 b - -"]
[ECO "A04"]
[ECOUrl "https://www.chess.com/openings/Reti-Opening-Queens-Gambit-Invitation"]
[EndDate "2021.02.28"]
[EndTime "12:31:35"]
[Link "https://www.chess.com/live/game/8251389297"]
[StartTime "11:37:03"]
[Termination "peterthefairlygood won by resignation"]
[TimeControl "1500+10"]
[Timezone "UTC"]
[UTCDate "2021.02.28"]
[UTCTime "11:37:03"]
[WhiteElo "2013"]

1. Nf3 e6 2. b3 Nf6 3. Bb2 b6 4. e3 Bb7 5. d4 Be7 6. Nbd2 c5 7. Bd3 d6 8. O-O cxd4 9. exd4 Nbd7 10. c4 Qc7 11. Rc1 O-O 12. Re1 Rfe8 13. Bb1 Bf8 14. Ne4 Nxe4 15. Bxe4 Nf6 16. Bxb7 Qxb7 17. d5 e5 18. Qd2 Rac8 19. Ng5 b5 20. Ne4 Nxe4 21. Rxe4 bxc4 22. Rexc4 Rxc4 23. Rxc4 Rc8 24. Qc2 Rxc4 25. Qxc4 h6 26. b4 Kh7 27. h3 Be7 28. b5 Qb6 29. Bc3 g6 30. Qc6 Qb8 31. Bb4 Kg7 32. a4 f5 33. a5 Kf7 34. b6 a6 35. Qc7 Qe8 36. Bxd6 1-0

[Event "Live Chess"]
[Site "Chess.com"]
[Date "2021.02.28"]
[Round "-"]
[White "Gillespie, David P"]
[Black "Hamilton, Stephen C"]
[Result "1/2-1/2"]
[BlackElo "1712"]
[CurrentPosition "8/8/pp5p/P3k2P/1PP1p3/4K3/8/8 b - -"]
[ECO "D00"]
[ECOUrl "https://www.chess.com/openings/Queens-Pawn-Opening-Chigorin-Variation-2...Nf6-3.Nf3-g6"]
[EndDate "2021.02.28"]
[EndTime "11:45:44"]
[Link "https://www.chess.com/live/game/8249007723"]
[StartTime "10:59:22"]
[Termination "Game drawn by agreement"]
[TimeControl "1510"]
[Timezone "UTC"]
[UTCDate "2021.02.28"]
[UTCTime "10:59:22"]
[WhiteElo "1690"]

1. d4 Nf6 2. Nf3 g6 3. Nc3 d5 4. Bf4 Bg7 5. e3 O-O 6. Be2 c6 7. Ne5 Nbd7 8. h4 h6 9. h5 g5 10. Bg3 Nxe5 11. Bxe5 Bf5 12. f4 gxf4 13. Bxf4 Qd7 14. Qd2 Ne4 15. Nxe4 Bxe4 16. O-O-O c5 17. Bd3 cxd4 18. Bxe4 dxe4 19. exd4 Kh7 20. Rh3 Rac8 21. Kb1 Rfd8 22. c3 e5 23. dxe5 Qxd2 24. Rxd2 Rxd2 25. Bxd2 Bxe5 26. Rh4 f5 27. Bf4 Bf6 28. Rh1 Rd8 29. Kc2 Bg5 30. Rf1 Rd5 31. c4 Rc5 32. Kd2 Bxf4+ 33. Rxf4 Kg7 34. b3 Kf6 35. g4 Kg5 36. Rxf5+ Rxf5 37. gxf5 Kxf5 38. Ke3 Ke5 39. b4 b6 40. a4 a6 41. a5 1/2-1/2

[Event "Live Chess"]
[Site "Chess.com"]
[Date "2021.02.28"]
[Round "-"]
[White "Smith, Bob"]
[Black "Gillespie, Gary D"]
[Result "0-1"]
[BlackElo "1625"]
[CurrentPosition "8/3b2k1/3r1p2/1p1Np1p1/p1P3P1/P2P1PK1/1R6/8 w - -"]
[ECO "B01"]
[ECOUrl "https://www.chess.com/openings/Scandinavian-Defense-Mieses-Kotrc-Variation-3.Nc3"]
[EndDate "2021.02.28"]
[EndTime "12:14:29"]
[Link "https://www.chess.com/live/game/8249633591"]
[StartTime "11:10:39"]
[Termination "Suvorov63 won on time"]
[TimeControl "1500+10"]
[Timezone "UTC"]
[UTCDate "2021.02.28"]
[UTCTime "11:10:39"]
[WhiteElo "1357"]

1. e4 d5 2. exd5 Qxd5 3. Nc3 Qe5+ 4. Qe2 Qxe2+ 5. Bxe2 Nf6 6. Nf3 c6 7. O-O Bf5 8. Re1 h6 9. Bc4 e6 10. d3 Nbd7 11. Be3 Be7 12. Rad1 O-O 13. Rd2 Rfe8 14. Bf4 Nb6 15. Bb3 a5 16. a3 a4 17. Ba2 Nbd5 18. Nxd5 Nxd5 19. Bg3 Red8 20. Nd4 Bg6 21. Ne2 Bd6 22. Bxd6 Rxd6 23. Bxd5 cxd5 24. Nc3 Rb6 25. Rb1 f6 26. Na2 Rc8 27. Nb4 Bf7 28. Re1 g5 29. Rde2 Kg7 30. f3 d4 31. Kf2 e5 32. g4 Rd6 33. h3 Bd5 34. Kg3 Kg6 35. Rc1 Be6 36. c3 dxc3 37. Rxc3 Rxc3 38. bxc3 Kf7 39. c4 Ke7 40. Rb2 b6 41. h4 Kf7 42. hxg5 hxg5 43. Rh2 Kg7 44. Rb2 Bd7 45. Nd5 b5 0-1

[Event "Live Chess"]
[Site "Chess.com"]
[Date "2021.02.28"]
[Round "-"]
[White "Wilkinson, Kevin"]
[Black "Ittigi, Tilak"]
[Result "1-0"]
[BlackElo "1209"]
[CurrentPosition "6k1/6P1/3P3K/3B4/8/8/5P2/8 b - -"]
[ECO "A16"]
[ECOUrl "https://www.chess.com/openings/English-Opening-Anglo-Indian-Queens-Knight-Variation-2...g6-3.g3"]
[EndDate "2021.02.28"]
[EndTime "11:56:35"]
[Link "https://www.chess.com/live/game/8249036949"]
[StartTime "11:01:07"]
[Termination "ImGonnaHorseYou won by checkmate"]
[TimeControl "1500+10"]
[Timezone "UTC"]
[UTCDate "2021.02.28"]
[UTCTime "11:01:07"]
[WhiteElo "1666"]

1. c4 Nf6 2. Nc3 g6 3. g3 Bg7 4. Bg2 c6 5. e4 d6 6. Nge2 Nbd7 7. d3 Ne5 8. O-O c5 9. Be3 b6 10. Rb1 a6 11. b4 Qc7 12. bxc5 bxc5 13. Qd2 O-O 14. Rb3 Bd7 15. Nf4 Rab8 16. Nfd5 Nxd5 17. Nxd5 Qd8 18. Rfb1 Rxb3 19. Rxb3 e6 20. Nb6 Qc7 21. Bh6 Nc6 22. Bxg7 Kxg7 23. h4 Rb8 24. Qb2+ Nd4 25. Nxd7 Rxb3 26. axb3 Qxd7 27. b4 Qb7 28. b5 axb5 29. e5 Qb6 30. exd6 Qxd6 31. cxb5 Qb6 32. Bc6 e5 33. Be8 Qb8 34. Bd7 Qb7 35. Bh3 Qxb5 36. Qxb5 Nxb5 37. Bg2 Kf6 38. Be4 Ke6 39. Bc6 Nd4 40. Bb7 f5 41. Kf1 h6 42. Ke1 g5 43. hxg5 hxg5 44. Kd2 f4 45. g4 Nf3+ 46. Bxf3 Kd6 47. Kc3 Ke6 48. Kc4 Kd6 49. Be4 Ke6 50. Kxc5 Kf6 51. Kd5 f3 52. Bxf3 Ke7 53. Kxe5 Ke8 54. Kf5 Kf8 55. Kxg5 Ke8 56. Kh6 Kf7 57. g5 Kf8 58. g6 Kg8 59. d4 Kh8 60. d5 Kg8 61. d6 Kf8 62. g7+ Kg8 63. Bd5# 1-0

[Event "Live Chess"]
[Site "Chess.com"]
[Date "2021.02.28"]
[Round "?"]
[White "Anderson, James"]
[Black "Hulme, William"]
[Result "0-1"]
[ECO "A45"]
[WhiteElo "1324"]
[BlackElo "1965"]
[PlyCount "64"]
[EventDate "2021.??.??"]
[TimeControl "1500+10"]
[WhiteClock "0:23:53"]
[BlackClock "0:21:16"]

1. d4 Nf6 2. Bg5 Ne4 3.
Bf4 d5 4. f3 Nf6 5. e3 e6 6. Bd3 c5 7. c3 Nc6 8. Nd2 Nh5 9. Bg3 Qb6 10. Qb3 c4 11. Qxb6 axb6 12. Bc2 Nxg3 13. hxg3 b5 14. Rxh7 Rxh7 15. Bxh7 g6 16. f4 Ke7 17. Ke2 Kf6 18. Ngf3 Kg7 19. Bxg6 Kxg6 20. g4 Bd7 21. Nh4+ Kg7 22. Ndf3 Be7 23. g3 b4 24. Kd2 b5 25. g5 bxc3+ 26. bxc3 b4 27. Nh2 bxc3+ 28. Kxc3 Ra3+ 29. Kd2 Nb4 30. Ng4 Rxa2+ 31. Rxa2 Nxa2 32. Ne5 c3+ 0-1

[Event "Live Chess"]
[Site "Chess.com"]
[Date "2021.02.28"]
[Round "-"]
[White "Muir, Phil S"]
[Black "Robertson, John"]
[Result "1-0"]
[BlackElo "1226"]
[CurrentPosition "R1k3r1/4Rpr1/8/7p/P7/6p1/5P1P/6K1 b - -"]
[ECO "C00"]
[ECOUrl "https://www.chess.com/openings/French-Defense-Normal-Variation"]
[EndDate "2021.02.28"]
[EndTime "12:03:45"]
[Link "https://www.chess.com/live/game/8249109249"]
[StartTime "11:06:14"]
[Termination "felipesbistro won by checkmate"]
[TimeControl "1500+10"]
[Timezone "UTC"]
[UTCDate "2021.02.28"]
[UTCTime "11:06:14"]
[WhiteElo "1633"]

1. e4 e6 2. d4 c6 3. Nd2 d5 4. Ngf3 dxe4 5. Nxe4 Nf6 6. Nxf6+ gxf6 7. Bd3 h5 8. Qe2 Qe7 9. Bf4 Bh6 10. Bxh6 Rxh6 11. O-O Nd7 12. Rfe1 Nf8 13. Qe3 Rh8 14. c4 Ng6 15. Rad1 Bd7 16. c5 O-O-O 17. b4 Rdg8 18. a4 Qd8 19. Nd2 Ne7 20. Ne4 Nf5 21. Nd6+ Nxd6 22. cxd6 Kb8 23. b5 Rg5 24. bxc6 Bxc6 25. Be4 Qxd6 26. Bxc6 Qxc6 27. Qf4+ e5 28. Qe4 Qxe4 29. Rxe4 exd4 30. Rdxd4 Rhg8 31. g3 f5 32. Re7 R5g7 33. Rdd7 f4 34. Rxb7+ Kc8 35. Rxa7 fxg3 36. Ra8# 1-0

[Event "Live Chess"]
[Site "Chess.com"]
[Date "2021.02.28"]
[Round "-"]
[White "Brownlee, Ian G"]
[Black "Chalmers, Martin M"]
[Result "0-1"]
[BlackElo "1426"]
[CurrentPosition "r4r1k/1pp3pp/p2p4/1bPPp3/1P3p2/PBQ1nPq1/3K1RPN/2N5 w - -"]
[ECO "A84"]
[ECOUrl "https://www.chess.com/openings/Dutch-Defense-Classical-Variation"]
[EndDate "2021.02.28"]
[EndTime "11:39:42"]
[Link "https://www.chess.com/live/game/8249027781"]
[StartTime "11:00:02"]
[Termination "martinchalmers won by resignation"]
[TimeControl "1500+10"]
[Timezone "UTC"]
[UTCDate "2021.02.28"]
[UTCTime "11:00:02"]
[WhiteElo "1743"]

1. d4 e6 2. c4 f5 3. Nc3 Nf6 4. Bg5 Be7 5. Nf3 d6 6. e3 O-O 7. Bd3 Nc6 8. O-O Nb4 9. Bb1 Ng4 10. Bxe7 Qxe7 11. a3 Nc6 12. e4 f4 13. Qd3 e5 14. b4 a6 15. d5 Nd8 16. Ba2 Nf7 17. h3 Nf6 18. Rac1 Bd7 19. Bb3 Nh6 20. c5 Kh8 21. Ne2 Qe8 22. Rc3 Qg6 23. Nh2 Nxe4 24. f3 Nxc3 25. Qxc3 Bxh3 26. Rf2 Bd7 27. Kf1 Nf5 28. Ke1 Ne3 29. Kd2 Bb5 30. Nc1 Qg3 0-1

[Event "Live Chess"]
[Site "Chess.com"]
[Date "2021.02.28"]
[Round "-"]
[White "Murray, Euan"]
[Black "Thomson, Peter"]
[Result "1-0"]
[BlackElo "1368"]
[CurrentPosition "2r5/2k3R1/Q7/pp1pPp1P/8/8/PPP2P2/2K5 b - -"]
[ECO "B18"]
[ECOUrl "https://www.chess.com/openings/Caro-Kann-Defense-Classical-Variation-5.Ng3-Bg6-6.h4-h6-7.h5"]
[EndDate "2021.02.28"]
[EndTime "11:22:06"]
[Link "https://www.chess.com/live/game/8249072851"]
[StartTime "11:03:42"]
[Termination "Brooner_85 won by resignation"]
[TimeControl "1500+10"]
[Timezone "UTC"]
[UTCDate "2021.02.28"]
[UTCTime "11:03:42"]
[WhiteElo "1906"]

1. e4 c6 2. d4 d5 3. Nc3 dxe4 4. Nxe4 Bf5 5. Ng3 Bg6 6. h4 h6 7. h5 Bh7 8. Nf3 Nf6 9. Bd3 Bxd3 10. Qxd3 e6 11. Bd2 Bd6 12. Ne4 Nxe4 13. Qxe4 O-O 14. O-O-O Nd7 15. g4 Nf6 16. Qe2 Nd5 17. Ne5 Bxe5 18. dxe5 Qa5 19. Bxa5 Nf4 20. Qe4 Nd5 21. g5 b5 22. gxh6 gxh6 23. Bd2 Rfd8 24. Bxh6 f5 25. Qg2+ Kf7 26. Qg6+ Ke7 27. Bg5+ Kd7 28. Qf7+ Kc8 29. Qxe6+ Kb7 30. Bxd8 Rxd8 31. Rhg1 a5 32. Rg6 Rc8 33. Rxd5 cxd5 34. Qa6+ Kc7 35. Rg7+ 1-0

[Event "Live Chess"]
[Site "Chess.com"]
[Date "2021.02.28"]
[Round "-"]
[White "Kirk, Larry G"]
[Black "Callison, J Stuart"]
[Result "1/2-1/2"]
[BlackElo "1691"]
[CurrentPosition "1k1r4/ppp2ppp/4p3/4P3/5P2/P5P1/1P1r1P2/2R2RK1 w - -"]
[ECO "D02"]
[ECOUrl "https://www.chess.com/openings/Queens-Pawn-Opening-Zukertort-Variation"]
[EndDate "2021.02.28"]
[EndTime "11:43:42"]
[Link "https://www.chess.com/live/game/8249046471"]
[StartTime "11:01:31"]
[Termination "Game drawn by agreement"]
[TimeControl "1500+10"]
[Timezone "UTC"]
[UTCDate "2021.02.28"]
[UTCTime "11:01:31"]
[WhiteElo "1595"]

1. Nf3 d5 2. d4 Bg4 3. c4 Bxf3 4. gxf3 dxc4 5. e4 e6 6. Bxc4 Nc6 7. Be3 Qf6 8. e5 Qh4 9. Bb5 Bb4+ 10. Nc3 Ne7 11. Bxc6+ Nxc6 12. f4 O-O-O 13. a3 Bc5 14. Ne2 Nxd4 15. Nxd4 Bxd4 16. Qe2 Bxe3 17. Qxe3 Kb8 18. O-O Rd5 19. Rac1 Rhd8 20. Qg3 Qxg3+ 21. hxg3 Rd2 1/2-1/2

[Event "Live Chess"]
[Site "Chess.com"]
[Date "2021.02.28"]
[Round "-"]
[White "Burt, J Mel"]
[Black "Shaheen, Jalal"]
[Result "0-1"]
[BlackElo "1135"]
[CurrentPosition "8/5R2/8/1p3pp1/6k1/6P1/1r6/6K1 w - -"]
[ECO "A20"]
[ECOUrl "https://www.chess.com/openings/English-Opening-Kings-English-Variation-2.g3"]
[EndDate "2021.02.28"]
[EndTime "12:07:54"]
[Link "https://www.chess.com/live/game/8249096733"]
[StartTime "11:05:28"]
[Termination "Seamans won by resignation"]
[TimeControl "1500+10"]
[Timezone "UTC"]
[UTCDate "2021.02.28"]
[UTCTime "11:05:28"]
[WhiteElo "1497"]

1. c4 e5 2. g3 c6 3. d4 exd4 4. Qxd4 Nf6 5. Bg2 c5 6. Qe3+ Be7 7. Nc3 O-O 8. Nh3 Nc6 9. O-O Re8 10. Nf4 Nb4 11. Qd2 d6 12. a3 Nc6 13. Nfd5 Nxd5 14. Nxd5 Nd4 15. Qd1 Be6 16. e3 Bxd5 17. Bxd5 Nc6 18. b3 Bf6 19. Rb1 Qd7 20. Bb2 Bxb2 21. Rxb2 Rad8 22. Rd2 Ne5 23. Bg2 b6 24. Rd5 Qe6 25. Qd2 Qf6 26. Rd1 Re6 27. f4 Ng4 28. e4 Qh6 29. Bf3 Nf6 30. e5 Nxd5 31. Bxd5 dxe5 32. fxe5 Qxd2 33. Rxd2 Kf8 34. Rf2 Rxd5 35. cxd5 Rxe5 36. Rd2 Ke7 37. d6+ Kd7 38. Kf2 Re6 39. b4 cxb4 40. axb4 Rxd6 41. Re2 Rd4 42. b5 Rd5 43. Rb2 Ke6 44. Ke3 f5 45. Rc2 Rxb5 46. Rc7 Kf6 47. Rxa7 Rb3+ 48. Kf2 Rb2+ 49. Kg1 h6 50. Rb7 b5 51. h4 Kg6 52. Rb6+ Kh5 53. Rb7 g5 54. hxg5 hxg5 55. Rf7 Kg4 0-1

[Event "Live Chess"]
[Site "Chess.com"]
[Date "2021.02.28"]
[Round "-"]
[White "Brookens, Lewis"]
[Black "Kerridge, Simon"]
[Result "1-0"]
[BlackElo "1398"]
[CurrentPosition "1Q2Q3/2q1bpk1/r2p3p/p1n1p1p1/8/3PB1P1/P3PPBP/2R3K1 b - -"]
[ECO "A10"]
[ECOUrl "https://www.chess.com/openings/English-Opening"]
[EndDate "2021.02.28"]
[EndTime "12:03:36"]
[Link "https://www.chess.com/live/game/8249646853"]
[StartTime "11:11:39"]
[Termination "Synthehol won by resignation"]
[TimeControl "1500+10"]
[Timezone "UTC"]
[UTCDate "2021.02.28"]
[UTCTime "11:11:39"]
[WhiteElo "1795"]

1. c4 d6 2. g3 Nf6 3. Bg2 e5 4. d3 Nbd7 5. Nf3 Be7 6. O-O c6 7. Nc3 Qc7 8. Bd2 h6 9. b4 g5 10. b5 Nf8 11. bxc6 bxc6 12. Qa4 Ne6 13. Ne1 Bb7 14. Be3 a6 15. Nd5 Nxd5 16. cxd5 Nd8 17. Nc2 O-O 18. Nb4 a5 19. Nxc6 Bxc6 20. dxc6 Ra6 21. Rfc1 Ne6 22. Rab1 Rb8 23. Rb7 Rxb7 24. cxb7 Nc5 25. Qe8+ Kg7 26. b8=Q 1-0